 Dungeon Crawl Stone Soup version 0.29-a0-96-g93358da72b (webtiles) character file.

Game seed: 6518928964132075591

201 cyrus the Covered (level 6, 0/48 HPs)
             Began as a Formicid Fighter on Feb 10, 2022.
             Was a Believer of Jiyva.
             Slain by an ogre (17 damage)
             ... on level 4 of the Dungeon on Feb 11, 2022.
             The game lasted 00:11:27 (3126 turns).

cyrus the Covered (Formicid Fighter)                Turns: 3126, Time: 00:11:28

Health: 0/48       AC:  7    Str: 21    XL:     6   Next: 7%
Magic:  6/6        EV:  9    Int:  9    God:    Jiyva [**....]
Gold:   135        SH:  4    Dex: 10    Spells: 5/5 levels left

rFire   . . .      SeeInvis +   a - +0 long sword
rCold   . . .      Faith    +   c - +0 buckler
rNeg    . . .      Spirit   .   b - +0 scale mail
rPois   .          Reflect  .   (helmet unavailable)
rElec   .          Harm     .   (no cloak)
rCorr   +          Rampage  .   (no gloves)
Will    .....                   (no boots)
Stlth   ..........              l - amulet of faith
HPRegen 1.12/turn               (no ring)
MPRegen 0.40/turn               (no ring)

@: no status effects
A: permanent stasis, dig shafts and tunnels, antennae 3, four strong arms
a: Dig, Shaft Self, Renounce Religion


You were on level 4 of the Dungeon.
You worshipped Jiyva.
Jiyva was pleased with you.
You visited 1 branch of the dungeon, and saw 4 of its levels.

You collected 135 gold pieces.

Inventory:

Hand Weapons
 a - a +0 long sword (weapon)
Missiles
 j - a throwing net
Armour
 b - a +0 scale mail (worn)
 c - a +0 buckler (worn)
Magical Staves
 e - a staff of fire
Jewellery
 l - an amulet of faith (around neck)
 s - a +4 ring of evasion
Wands
 r - a wand of digging (2)
Scrolls
 d - 4 scrolls of identify {unknown}
 h - a scroll of blinking {unknown}
 i - a scroll of noise {unknown}
 k - a scroll of holy word {unknown}
 n - a scroll of magic mapping {unknown}
 o - a scroll of amnesia {unknown}
 q - a scroll of vulnerability {unknown}
Potions
 f - a potion of attraction {unknown}
 g - 2 potions of curing {unknown}
 m - a potion of resistance {unknown}
 p - a potion of brilliance {unknown}


   Skills:
 + Level 4.0 Fighting
 + Level 3.7 Long Blades
 + Level 4.4 Armour
 + Level 1.3 Dodging
 + Level 0.3 Stealth
 + Level 4.2 Shields


You had 5 spell levels left.
You didn't know any spells.
Your spell library contained the following spells:

 Spells                   Type           Power      Damage    Failure   Level
 Ignite Poison            Fire/Tmut/Pois 0%         N/A       98%         3
 Mephitic Cloud           Conj/Pois/Air  0%         N/A       98%         3
 Freezing Cloud           Conj/Ice/Air   0%         6-21      100%        5


Dungeon Overview and Level Annotations

Branches:
Dungeon (4/15)
 Temple: D:4-7

Altars:
Fedhas
Qazlal
Jiyva


Innate Abilities, Weirdness & Mutations

You cannot be hasted, slowed, berserked, paralysed or teleported.
You can dig through walls and to a lower floor.
You have a pair of large antennae on your head. (SInv)
Your four strong arms can wield two-handed weapons with a shield.


Message History

The orc priest is moderately wounded.
The orc misses you.
The orc priest hits you but does no damage.
You block the orc's attack.
You barely miss the orc priest.
The orc priest is moderately wounded.
The orc priest looks encouraged for a moment.
The orc barely misses you.
You slash the orc priest!
You kill the orc priest!
The orc hits you but does no damage.
You have reached level 6!
The orc hits you with a +0 dagger.
You slash the orc!
You kill the orc!
s - a +4 ring of evasion
Things that are here:
a +0 dagger; an orc corpse You start resting.
You hear a slurping noise. x3
The jelly splits in two!
You hear a slurping noise.
HP restored.
You hear a slurping noise.
An ogre comes into view. It is wielding a +0 giant club.
The ogre shouts!
You hit the ogre.
The ogre is lightly wounded.
The ogre hits you with a +0 giant club!!
Ouch! That really hurt!
You barely miss the ogre.
The ogre is lightly wounded.
The ogre closely misses you.
You hit the ogre.
The ogre is moderately wounded.
The ogre hits you with a +0 giant club!
* * * LOW HITPOINT WARNING * * *
You see here the +1 leather armour "Gyifoj" {rC+ rN+}.
The ogre hits you with a +0 giant club!
You die...

####..##≈## ##≈ ##....###
#.....##≈≈# {{#≈{ ##.#.#
#.##.###≈{#{{{#≈≈#####.#.###
#.......≈J# {{#≈≈...##......
#..#....≈#######≈...####.###
#..#...#≈##JJ≈##≈...)..#.#
###..##..#≈≈≈≈≈≈≈≈≈#####.#.#
............O.##...#####.#.#
....###.###.#@##...##......#
### #.# #.#.##...##.##.###
#.# #.#.##...##.##.# ...
..#.##.........# #.#
###.###.###.#### #.# #.# #.#
#.# #.# #.# #.# #.# #.# #.#
#.# #.###.###.########


You could see an ogre and 2 neutral jellies(fellow slime).

Vanquished Creatures
  An orc priest (D:4)
  Jessica (D:3)
  An orc wizard (D:4)
  4 adders (D:2)
  A dart slug (D:3)
  3 orcs (D:4)
  7 bats
  3 endoplasms
  4 giant cockroaches
  10 hobgoblins
  3 jackals (D:2)
  3 quokkas
  5 ball pythons
  6 frilled lizards
  11 goblins
  10 kobolds
  9 rats
  A bush (D:2)
83 creatures vanquished.

Vanquished Creatures (others)
  Menkaure (D:4)
  3 jellies (D:2)
  An adder (D:3)
  A dart slug (D:4)
  3 jackals (D:4)
  19 plants (D:2)
28 creatures vanquished.

Grand Total: 111 creatures vanquished

Notes
Turn   | Place    | Note
-------+----------+-------------------------------------------
     0 | D:1      | cyrus the Formicid Fighter began the quest for the Orb.
     0 | D:1      | Reached XP level 1. HP: 18/18 MP: 1/1
    65 | D:1      | Reached XP level 2. HP: 24/24 MP: 2/2
   443 | D:1      | Reached XP level 3. HP: 29/29 MP: 3/3
  1098 | D:2      | Reached XP level 4. HP: 37/37 MP: 4/4
  1606 | D:2      | Reached skill level 1 in Dodging
  1606 | D:2      | Found a faded altar of an unknown god.
  1773 | D:2      | Prayed at the altar of an unknown god.
  1773 | D:2      | Became a worshipper of Jiyva Jubous the Shapeless
  1773 | D:2      | Reached * piety under Jiyva
  2326 | D:3      | Reached XP level 5. HP: 37/42 MP: 5/5
  2396 | D:3      | Found a stormy altar of Qazlal.
  2536 | D:3      | Noticed Jessica
  2545 | D:3      | Killed Jessica
  2587 | D:3      | Found a blossoming altar of Fedhas.
  2799 | D:3      | Upgraded the game from 0.29-a0-92-gee772dd00f to
                  | 0.29-a0-96-g93358da72b
  2892 | D:4      | Reached ** piety under Jiyva
  2947 | D:4      | Killed Menkaure
  3053 | D:4      | Identified the +1 leather armour "Gyifoj" {rC+ rN+}
  3083 | D:4      | Reached XP level 6. HP: 34/48 MP: 6/6
  3108 | D:4      | Noticed an ogre
  3126 | D:4      | Slain by an ogre

Illustrated notes

Levels and vault maps discovered:
D:1:      sevenhm_arrival_forest_fort_small_4, layout_basic
D:2:      layout_loops_ring, hellmonk_ecumenical_altar_zigzags,
          chequers_serial_rivers_micro_e, lexackson_kobold_supper
D:3:      layout_rooms, mainiacjoe_overflow_six_doors_small,
          nicolae_qazlal_scattered_showers, uniq_jessica
D:4:      layout_loops_ring, chequers_decorated_corner, lightli_minifort,
          uniq_menkaure

Skill      XL: |  1  2  3  4  5 |
---------------+----------------+-----
Shields        | 4 |  4.2
Armour         | 4 |  4.4
Long Blades    | 3 |  3.7
Dodging        | 1 |  1.3
Fighting       | 4 |  4.0
Stealth        | |  0.3

Action                   |  1- 3 |  4- 6 || total
-------------------------+-------+-------++-------
Melee: Long sword        |   106 |   204 ||   310
  Use: Potion            |     1 |       ||     1
Armor: Scale mail        |    68 |    96 ||   164
Dodge: Dodged            |    74 |    69 ||   143
Block: Buckler           |    25 |    39 ||    64

Table legend: (Time is in decaauts)
 A = Elapsed time spent in this place.
 B = Non-inter-level travel time spent in this place.
 C = Inter-level travel time spent in this place.
 D = Time resting spent in this place.
 E = Time spent auto-exploring this place.
 F = Levels seen in this place.
 G = Mean time per level.
                   A        B        C        D        E       F      G
               +--------+--------+--------+--------+--------+-----+--------+
         Total |   3225 |   3225 |      0 |    256 |   1703 |   4 |  806.2 |
       Dungeon |   3225 |   3225 |      0 |    256 |   1703 |   4 |  806.2 |
               +--------+--------+--------+--------+--------+-----+--------+

Top non-repeatable levels by time:
     D:2: 1424 daAuts
     D:1: 968 daAuts
     D:3: 537 daAuts
     D:4: 294 daAuts
